 Dungeon Crawl Stone Soup version 0.28-a0-862-g58c29a6370 (webtiles) character file.

Game seed: 17706165474348791965

16508 Ijustatesigmund the Fighter (level 12, -1/115 HPs)
             Began as a Gargoyle Fighter on Nov 16, 2021.
             Was a High Priest of Cheibriados.
             Slain by a skeletal warrior (12 damage)
             ... led by a skeletal warrior
             ... on level 12 of the Dungeon.
             The game lasted 00:27:27 (12625 turns).

Ijustatesigmund the Fighter (Gargoyle Fighter)     Turns: 12625, Time: 00:27:27

Health: -1/115     AC: 26    Str: 37    XL:     12   Next: 38%
Magic:  18/18      EV:  2    Int: 23    God:    Cheibriados [*****.]
Gold:   802        SH:  9    Dex: 22    Spells: 8/11 levels left

rFire   . . .      SeeInvis .   a - +2 flail (holy)
rCold   . . .      Faith    .   c - +2 buckler
rNeg    + . .      Spirit   .   (armour currently unavailable)
rPois   ∞          Reflect  .   (helmet currently unavailable)
rElec   .          Harm     .   (cloak currently unavailable)
rCorr   +          Rampage  .   (gloves currently unavailable)
Will    .....      NoTele   +   (boots currently unavailable)
Stlth   ++........              B - amulet of regeneration
HPRegen 1.29/turn               x - ring of resist corrosion
MPRegen 0.16/turn               u - +6 ring of strength

@: tree-form, invisible, very slow
A: stationary, stasis, torment immunity, boosted hp, sickness immunity, AC +8,
negative energy resistance 1, (electricity resistance), torment resistance 1,
petrification resistance
a: Renounce Religion, Bend Time, Temporal Distortion, Slouch, Step From Time


You were on level 12 of the Dungeon.
You worshipped Cheibriados.
Cheibriados was extremely pleased with you.
You were a tree.
You visited 2 branches of the dungeon, and saw 14 of its levels.
You also visited: Sewer.

You collected 802 gold pieces.

Inventory:

Hand Weapons
 a - a +2 flail of holy wrath (weapon)
Missiles
 d - a throwing net (quivered)
Armour
 b - +0 acid dragon scales (melded)
 c - a +2 buckler (worn)
 g - a +0 helmet (melded)
 s - a +0 cloak (melded)
 w - a +0 tower shield
 y - a +0 pair of boots (melded)
Jewellery
 o - an amulet of reflection
 r - a ring of protection from fire
 u - a +6 ring of strength (right branch)
 x - a ring of resist corrosion (left branch)
 B - an amulet of regeneration (around neck)
 G - an amulet of faith
Wands
 h - a wand of flame (13)
 m - a wand of paralysis (4)
 p - a wand of acid (3)
 E - a wand of iceblast (2)
Scrolls
 e - a scroll of teleportation
 j - 2 scrolls of amnesia
 A - a scroll of magic mapping
 C - 2 scrolls of fog
 F - a scroll of torment
 I - a scroll of identify
Potions
 f - 2 potions of flight
 i - 4 potions of brilliance
 k - 2 potions of mutation
 n - 2 potions of ambrosia
 q - a potion of resistance
 v - 8 potions of curing
 z - a potion of lignification
 D - a potion of cancellation
 H - a potion of attraction


   Skills:
 + Level 10.1 Fighting
 + Level 9.0 Maces & Flails
 + Level 7.1 Armour
 + Level 3.3 Dodging
 + Level 6.4 Shields
 - Level 5.1 Conjurations
 - Level 5.3 Fire Magic
 + Level 9.1 Invocations
 - Level 6.3 Evocations


You had 8 spell levels left.
You knew the following spells:

 Your Spells              Type           Power      Damage    Failure   Level
a - Conjure Flame         Conj/Fire      24%        6-21      5%          3

Your spell library contained the following spells:

 Spells                   Type           Power      Damage    Failure   Level
 Magic Dart               Conj           92%        1d7       1%          1
 Searing Ray              Conj           46%        2d6       3%          2
 Shock                    Conj/Air       44%        1d5       5%          1
 Pain                     Necr           0%         1d4       16%         1
 Dazzling Flash           Conj/Hex       22%        N/A       17%         3
 Sticky Flame             Conj/Fire      24%        2d5       19%         4
 Ignite Poison            Fire/Tmut/Pois 8%         N/A       22%         3
 Ensorcelled Hibernation  Hex/Ice        0%         N/A       24%         2
 Frozen Ramparts          Ice            0%         1d2       43%         3
 Portal Projectile        Hex/Tloc       0%         N/A       43%         3
 Swiftness                Air            0%         N/A       43%         3
 Tukima's Dance           Hex            0%         N/A       43%         3
 Fireball                 Conj/Fire      12%        3d7       45%         5
 Iskenderun's Battlesphe  Conj           23%        2d8       47%         5
 Fulminant Prism          Conj/Hex       5%         3d7       50%         4
 Hailstorm                Conj/Ice       11%        3d5       50%         4
 Iskenderun's Mystic Bla  Conj/Tloc      11%        2d4       50%         4
 Airstrike                Air            0%         N/A       83%         4
 Ice Form                 Ice/Tmut       0%         N/A       83%         4
 Summon Ice Beast         Ice/Summ       0%         N/A       83%         4
 Starburst                Conj/Fire      12%        6d5       96%         6
 Agony                    Necr           0%         N/A       99%         5
 Blade Hands              Tmut           0%         N/A       99%         5
 Excruciating Wounds      Necr           0%         N/A       99%         5
 Iron Shot                Conj/Erth      5%         9d2       100%        6
 Simulacrum               Ice/Necr       0%         N/A       100%        6
 Spellforged Servitor     Conj/Summ      5%         N/A       100%        7
 Ignition                 Fire           12%        3d6       100%        8


Dungeon Overview and Level Annotations

Branches:
Dungeon (13/15)            Temple (1/1) D:5            Lair (0/6) D:11
    Orc (0/2) D:12          Sewer (visited)
 Vaults: D:13-14

Altars:
Ashenzari
Cheibriados
Dithmenos
Elyvilon
Fedhas
Gozag
Hepliaklqana
Kikubaaqudgha
Makhleb
Nemelex Xobeh
Okawaru
Qazlal
Ru
Sif Muna
Trog
Uskayaw
Vehumet
Wu Jian
Xom
Yredelemnul
Zin
The Shining One

Shops:
D:4 *

Annotations:
D:10 1 runed translucent door
D:12 3 runed translucent doors


Innate Abilities, Weirdness & Mutations

You are a tree.
Your roots penetrate the ground, keeping you stationary.
You cannot be teleported.
You are immune to unholy pain and torment.
Your maximum health is greatly increased.
Your equipment is partially melded.
You are immune to sickness and miasma.
((Your stone body is resilient. (AC +8)))
You are immune to poison.
You resist negative energy. (rN+)
((You are resistant to electric shocks. (rElec)))
You are resistant to unholy torment.
You are immune to petrification.


Message History

You barely miss the skeletal warrior.
The skeletal warrior is severely damaged.
The skeletal warrior hits you with a +0 glaive!
The skeletal warrior hits you with a +0 halberd!
You are too injured to fight recklessly!
You are too injured to fight recklessly!
You are too injured to fight recklessly!
You are too injured to fight recklessly!
You hit the skeletal warrior.
The skeletal warrior convulses!
The skeletal warrior is almost destroyed.
The skeletal warrior hits you but does no damage.
The skeletal warrior hits you with a +0 glaive!!
* * * LOW HITPOINT WARNING * * *
The skeletal warrior completely misses you.
Unknown command.
You fade into invisibility!
You block the skeletal warrior's attack.
The skeletal warrior barely misses you.
The skeletal warrior hits you but does no damage.
You barely miss the skeletal warrior.
The skeletal warrior is almost destroyed.
The skeletal warrior completely misses you.
The skeletal warrior hits you but does no damage.
The skeletal warrior hits you with a +0 halberd!
* * * LOW HITPOINT WARNING * * *
Unknown command.
Okay, then.
Really quaff the potion of lignification?
You turn into a tree.
Your +0 cloak melds into your body.
Your +0 helmet melds into your body.
Your +0 pair of boots melds into your body.
Your +0 acid dragon scales melds into your body.
Your roots penetrate the ground.
The skeletal warrior hits you but does no damage.
You block the skeletal warrior's attack.
You hit the skeletal warrior but do no damage.
The skeletal warrior is almost destroyed.
The skeletal warrior hits you but does no damage. x2
The skeletal warrior hits you with a +0 halberd!
You die...

################## #########
.......)†......... .........
####..############ #........
#..##############........
####..........).♣z..........
......).........zz..........
............................
...........................$.....
...............................!.
............................ ....
............................ ...
............................ ..
...... .


You could see 3 skeletal warriors.

Vanquished Creatures
  2 two-headed ogres
  6 skeletal warriors
  Pikel (D:7)
  An ugly thing (D:12)
  A deep elf pyromancer (D:13)
  A manticore (D:11)
  5 centaur zombies
  A gargoyle (D:12)
  A kobold demonologist (D:12)
  3 trolls
  2 slime creatures (D:12)
  A hornet (D:7)
  Prince Ribbit (D:6)
  8 yaks
  5 shadows
  2 vampires
  2 wraiths
  A wyvern (D:8)
  A steam dragon (D:9)
  4 acid dragons
  A sky beast (D:6)
  2 ogres (D:5)
  4 orc warriors
  A black bear (D:6)
  2 ice beasts
  4 wolves (D:11)
  10 centaurs
  3 phantoms
  7 kobold brigands
  A lemure (D:7)
  2 bullfrogs
  2 gnoll sergeants
  A scorpion (D:4)
  4 killer bees
  2 troll zombies (D:12)
  2 electric eels (D:11)
  5 wights (D:9)
  A howler monkey (D:5)
  Crazy Yiuf (D:4)
  3 hounds (D:11)
  A gnoll shaman (D:6)
  5 orc priests
  Jessica (D:3)
  3 iguanas
  5 orc wizards
  A killer bee zombie (D:7)
  4 ogre zombies (D:12)
  A hound skeleton (D:5)
  A howler monkey zombie (D:10)
  19 gnolls
  A river rat (Sewer)
  11 adders
  A white imp (D:5)
  2 worms (Sewer)
  29 orcs
  8 ball pythons
  6 endoplasms
  6 giant cockroaches
  11 hobgoblins
  3 jackals (D:1)
  43 kobolds
  3 quokkas (D:1)
  7 bats
  3 frilled lizards
  A goblin (D:1)
  3 goblin skeletons (D:12)
  A hobgoblin skeleton (D:12)
  3 hobgoblin zombies (D:12)
  2 orc skeletons (D:12)
  7 orc zombies (D:12)
  9 rats
308 creatures vanquished.

Vanquished Creatures (others)
  A kobold (D:7)
1 creature vanquished.

Grand Total: 309 creatures vanquished

Notes
Turn   | Place    | Note
-------+----------+-------------------------------------------
     0 | D:1      | Ijustatesigmund the Gargoyle Fighter began the quest for
                  | the Orb.
     0 | D:1      | Reached XP level 1. HP: 14/14 MP: 1/1
   127 | D:1      | Reached XP level 2. HP: 11/20 MP: 2/2
   559 | D:1      | Reached XP level 3. HP: 24/24 MP: 3/3
   573 | D:1      | Found a faded altar of an unknown god.
   772 | D:1      | Reached skill level 4 in Fighting
  1344 | D:2      | Reached XP level 4. HP: 20/30 MP: 4/4
  2225 | D:3      | Found a glowing drain.
  2262 | Sewer    | Entered a sewer
  2282 | Sewer    | Reached XP level 5. HP: 23/34 MP: 5/5
  2299 | Sewer    | Reached skill level 5 in Fighting
  2670 | Sewer    | Noticed a kobold brigand
  2688 | Sewer    | Killed a kobold brigand
  2689 | Sewer    | Reached XP level 6. HP: 18/40 MP: 6/6
  3236 | D:3      | Noticed Jessica
  3240 | D:3      | Killed Jessica
  3326 | D:3      | Reached skill level 6 in Fighting
  3330 | D:3      | Reached skill level 5 in Maces & Flails
  4402 | D:4      | Found Zin's Purification Station.
  4404 | D:4      | Found a glowing silver altar of Zin.
  4523 | D:4      | Reached XP level 7. HP: 27/47 MP: 7/7
  5481 | D:4      | Found a runed translucent door.
  5482 | D:4      | Noticed Crazy Yiuf
  5490 | D:4      | Killed Crazy Yiuf
  5842 | D:5      | Entered Level 5 of the Dungeon
  5849 | D:5      | Found a staircase to the Ecumenical Temple.
  5863 | Temple   | Entered the Ecumenical Temple
  5984 | Temple   | Became a worshipper of Cheibriados the Contemplative
  6053 | D:5      | Reached skill level 1 in Dodging
  6162 | D:5      | Reached skill level 7 in Fighting
  6162 | D:5      | Reached skill level 1 in Invocations
  6162 | D:5      | Reached skill level 1 in Evocations
  6162 | D:5      | Reached XP level 8. HP: 20/53 MP: 8/8
  7042 | D:6      | Reached * piety under Cheibriados
  7475 | D:6      | Reached skill level 5 in Armour
  7737 | D:6      | Noticed Prince Ribbit
  7752 | D:6      | Killed Prince Ribbit
  7753 | D:6      | Reached XP level 9. HP: 47/59 MP: 11/11
  8025 | D:6      | Reached skill level 8 in Fighting
  8129 | D:7      | Reached ** piety under Cheibriados
  8582 | D:7      | Found an opulent altar of Gozag.
  8627 | D:7      | Noticed a hornet
  8631 | D:7      | Killed a hornet
  9005 | D:7      | Noticed Pikel
  9021 | D:7      | Killed Pikel
  9021 | D:7      | Reached *** piety under Cheibriados
  9249 | D:8      | Noticed a two-headed ogre
  9257 | D:8      | Killed a two-headed ogre
  9258 | D:8      | Reached XP level 10. HP: 65/65 MP: 13/13
  9328 | D:8      | Reached skill level 5 in Invocations
  9447 | D:8      | Found a broken altar of Ashenzari.
  9662 | D:8      | Reached skill level 9 in Fighting
  9783 | D:8      | Found a basalt altar of Yredelemnul.
  9784 | D:8      | Found a radiant altar of Vehumet.
 10065 | D:9      | Reached skill level 5 in Shields
 10100 | D:9      | Reached **** piety under Cheibriados
 10177 | D:9      | Reached XP level 11. HP: 71/71 MP: 15/15
 10234 | D:9      | Learned a level 3 spell: Conjure Flame
 10362 | D:9      | Noticed a skeletal warrior
 10374 | D:9      | Killed a skeletal warrior
 10375 | D:9      | Reached skill level 1 in Conjurations
 10375 | D:9      | Reached skill level 1 in Fire Magic
 10621 | D:10     | Entered Level 10 of the Dungeon
 10691 | D:10     | Reached ***** piety under Cheibriados
 10848 | D:10     | Noticed a skeletal warrior
 10850 | D:10     | Noticed a skeletal warrior
 10854 | D:10     | Noticed a skeletal warrior
 10857 | D:10     | Killed a skeletal warrior
 10867 | D:10     | Killed a skeletal warrior
 10878 | D:10     | Killed a skeletal warrior
 10883 | D:10     | Noticed a skeletal warrior
 10900 | D:10     | Killed a skeletal warrior
 11054 | D:10     | Found a runed translucent door.
 11055 | D:10     | Found a burning altar of Makhleb.
 11055 | D:10     | Noticed a sixfirhy
 11119 | D:10     | Found a bloodstained altar of Trog.
 11235 | D:10     | Found an ornate altar of the Wu Jian Council.
 11240 | D:10     | Found a stormy altar of Qazlal.
 11427 | D:11     | Identified the ring "Taschef" {*Corrode Drain Fly rPois
                  | Int+6}
 11503 | D:11     | Noticed a two-headed ogre
 11509 | D:11     | Killed a two-headed ogre
 11594 | D:11     | Reached skill level 5 in Conjurations
 11594 | D:11     | Reached skill level 5 in Fire Magic
 11767 | D:11     | Found a staircase to the Lair.
 11819 | D:11     | Noticed a manticore
 11825 | D:11     | Killed a manticore
 11826 | D:11     | Reached XP level 12. HP: 77/77 MP: 18/18
 12213 | D:13     | Noticed a tengu warrior
 12213 | D:13     | Noticed a tengu warrior
 12331 | D:12     | Found a runed translucent gate.
 12332 | D:12     | Found a runed translucent gate.
 12332 | D:12     | Found a runed translucent gate.
 12359 | D:12     | Found a staircase to the Orcish Mines.
 12368 | D:12     | Reached skill level 10 in Fighting
 12625 | D:12     | Slain by a skeletal warrior

Illustrated notes

Levels and vault maps discovered:
D:1:      dpeg_arrival_rooms_b, layout_basic, serial_co_window_serial,
          co_window_of_opportunity_a, co_window_corner_a, co_window_corner_a,
          co_window_corner_a, co_window_corner_a, co_window_broadway_b,
          co_window_corner_b, co_window_corner_ca, co_window_4corner_b,
          glass_columns_c, glass_columns_b, glass_columns_c, glass_columns_c,
          glass_columns_a, basic_ecumenical_altar, minivault_27
D:2:      wander_river, layout_loops_corners, chequers_serial_rivers_marsh,
          minmay_pentomino_s4
D:3:      layout_basic, gup_sewer_entry_glass, uniq_jessica
D:4:      layout_basic, zin_purify, saegor_snake_ambush, uniq_crazy_yiuf_cottage
D:5:      layout_basic, minmay_temple_entry_statues_fountains,
          minmay_tree_intersection
D:6:      layout_gridville, uniq_prince_ribbit1
D:7:      layout_basic, lemuel_doored_altar, kennysheep_generic_room_8,
          uniq_pikel
D:8:      layout_rooms, ashenzari_altar_1, gammafunk_temple_overflow_statue
D:9:      layout_loops_ring, grunt_decor_one_mirror, minmay_holes,
          grunt_ministairs_2, small_chamber_with_monster, kennysheep_nub
D:10:     layout_basic, nzn_makhleb_speed_demon, trog_hazing_becter,
          mainiacjoe_overflow_divided_tiny
D:11:     layout_irregular_city, erik_lair_island, serial_column_ruins,
          column_ruins_square_small, column_ruins_columns_corner,
          column_ruins_corridor_straight, column_ruins_grid_4,
          column_ruins_grid_1, column_ruins_open_tiny,
          column_ruins_columns_straight
D:12:     layout_long_grid, zombieorc1_lemuel, ebering_ghost_rock_garden,
          corner_web_ring
D:13:     layout_big_octagon, minmay_joined_circles
Temple:   dshaligram_water_room_temple

Skill      XL: |  1  2  3  4  5  6  7  8  9 10 11 12 |
---------------+-------------------------------------+-----
Fighting       | 4 5 6 7 8 9 10 | 10.1
Maces & Flails | 3 4 5 6 7 8 9 |  9.0
Dodging        | 1 2 3 |  3.3
Armour         | 4 5 6 7 |  7.1
Invocations    | 1 3 4 6 8 9 |  9.1
Evocations     | 1 2 6 |  6.3
Shields        | 5 6 |  6.4
Conjurations   | 5 |  5.1
Fire Magic     | 5 |  5.3

Action                   |  1- 3 |  4- 6 |  7- 9 | 10-12 || total
-------------------------+-------+-------+-------+-------++-------
Melee: Flail             |    85 |   236 |   280 |   548 ||  1149
Throw: Dart              |     4 |     4 |       |       ||     8
       Javelin           |       |       |     2 |       ||     2
       Throwing net      |       |       |     1 |       ||     1
 Cast: Conjure Flame     |       |       |       |     1 ||     1
Invok: Slouch            |       |       |       |     3 ||     3
       Bend Time         |       |       |       |     1 ||     1
Evoke: Wand              |       |       |    12 |    25 ||    37
  Use: Scroll            |     4 |     8 |     6 |    14 ||    32
       Potion            |       |     2 |     3 |     6 ||    11
 Stab: Paralysed         |       |       |    12 |     7 ||    19
       Sleeping          |       |       |       |     1 ||     1
Armor: Scale mail        |    35 |   111 |   128 |       ||   274
       Skin              |       |     4 |       |     3 ||     7
       Chain mail        |       |       |       |   306 ||   306
       Acid dragon scale |       |       |       |    63 ||    63
Dodge: Dodged            |    38 |    87 |   114 |   290 ||   529
Block: Buckler           |    14 |    57 |   184 |   333 ||   588
       Reflection        |       |       |    17 |     1 ||    18

Table legend: (Time is in decaauts)
 A = Elapsed time spent in this place.
 B = Non-inter-level travel time spent in this place.
 C = Inter-level travel time spent in this place.
 D = Time resting spent in this place.
 E = Time spent auto-exploring this place.
 F = Levels seen in this place.
 G = Mean time per level.
                   A        B        C        D        E       F      G
               +--------+--------+--------+--------+--------+-----+--------+
         Total |  15383 |  14900 |    483 |   1471 |  10631 |  15 | 1025.5 |
       Dungeon |  14211 |  13748 |    463 |   1022 |  10158 |  13 | 1093.2 |
        Temple |    141 |    121 |     20 |      0 |    100 |   1 |  141.0 |
         Sewer |   1030 |   1030 |      0 |    449 |    373 |   1 | 1030.0 |
               +--------+--------+--------+--------+--------+-----+--------+

Top non-repeatable levels by time:
     D:7: 1605 daAuts
     D:4: 1470 daAuts
     D:6: 1401 daAuts
     D:3: 1332 daAuts
    D:11: 1206 daAuts
     D:5: 1201 daAuts
     D:2: 1176 daAuts
     D:9: 1162 daAuts
    D:10: 1045 daAuts
   Sewer: 1030 daAuts
     D:1: 1026 daAuts
     D:8: 866 daAuts
    D:12: 679 daAuts
  Temple: 141 daAuts
    D:13: 38 daAuts
